Cogmind - Beta 14 @@@ ROGUE MODE // 2025.03.31 @ 14:47:12 Player: torvo Result: Destroyed by G-34 Mercenary with Small Laser Performance ------------- Evolutions (1) 500 Regions Visited (2) 400 Robots Destroyed (11) 55 Value Destroyed (255) 255 Prototype IDs (0) 0 Alien Tech Used (0) 0 Bonus (0) 0 TOTAL SCORE: 1210 Bonus ------- None Cogmind --------- Core Integrity 0/400 Matter 120/300 Energy 86/100 System Corruption 0% Temperature Cool (7) Movement Flying (35) Location -9/Materials Parts ------- > --- POWER (1) -------- (None) > --- PROPULSION (3) --- VTOL Module > --- UTILITY (3) ------ (None) > --- WEAPON (2) ------- (None) > --- INVENTORY (5) ---- (None) Peak State ------------ > --- POWER ------------ Light Ion Engine > --- PROPULSION ------- VTOL Module VTOL Module VTOL Module > --- UTILITY ---------- Signal Interpreter > --- WEAPON ----------- Assault Rifle Light Cannon > --- INVENTORY -------- VTOL Module Assault Rifle Assault Rifle Assault Rifle [Rating: 10] Favorites ----------- Power Light Ion Engine Engine Light Ion Engine Propulsion VTOL Module Wheel Compact Wheel Flight Unit VTOL Module Utility Signal Interpreter Storage Small Storage Unit Processor Signal Interpreter Weapon Assault Rifle Energy Gun Medium Laser Ballistic Gun Assault Rifle Ballistic Cannon Light Cannon Build | -11 -10 -9 ------- Run | Yrd Mat Mat Slots Evolved 2 | . . 2 Power . | . . . Propulsion 1 | . . 1 Utility 1 | . . 1 Weapon . | . . . Parts Attached 23 | 6 10 7 Power 2 | 1 1 . Engine 2 | 1 1 . Core . | . . . Reactor . | . . . Propulsion 6 | 2 2 2 Treads . | . . . Leg . | . . . Wheel 2 | 2 . . Hover . | . . . Flight 4 | . 2 2 Utility 2 | 1 1 . Device . | . . . Storage 1 | 1 . . Processor 1 | . 1 . Hackware . | . . . Protection . | . . . Artifact . | . . . Weapon 13 | 2 6 5 Energy Gun 3 | 1 2 . Energy Cannon . | . . . Ballistic Gun 9 | 1 3 5 Ballistic Cannon 1 | . 1 . Launcher . | . . . Special Weapon . | . . . Impact Weapon . | . . . Slashing Weapon . | . . . Piercing Weapon . | . . . Special Melee Weapon . | . . . Unidentified Prototypes . | . . . Parts Lost 10 | . 1 9 Power 2 | . 1 1 Propulsion 3 | . . 3 Utility . | . . . Weapon 5 | . . 5 Highest Loss Streak 9 | . 1 9 To Critical Strikes . | . . . Average Slot Usage (%) 71 | . 78 50 Engine 10 | . 12 4 Wheel 2 | . 3 . Flight 22 | . 24 18 Storage 1 | . 1 . Processor 8 | . 8 9 Energy Gun 4 | . 5 . Ballistic Gun 18 | . 21 11 Ballistic Cannon 1 | . . 6 Peak Build Rating 10 | 6 9 10 Average Rating 6 | 4 7 6 On Entrance 4 | . 6 8 Naked Turns 3 | . . 3 Heaviest Build 11 | 11 11 8 Greatest Support 32 | 32 32 12 Greatest Overweight (x) 1 | . 1 . Average Overweight (x) . | . . . Largest Inventory Capacity 8 | 8 8 5 Average Capacity 5 | 6 5 5 Most Carried 5 | 5 5 4 Average Carried 3 | 2 4 3 Final Capacity 8 | 8 5 5 Final Carried 5 | 2 5 . Class Distribution -------------------- 79% | Sprinter 20% | Mutant Dominant Class ---------------- Sprinter | -10/Materials Sprinter | -9/Materials Resources | -11 -10 -9 ----------- Run | Yrd Mat Mat Matter Collected 356 | 231 122 3 Remotely . | . . . Salvage Created 283 | . 209 74 Parts 24 | . 20 4 Haulers Intercepted . | . . . Recyclers Shooed 1 | . 1 . Parts Field Recycled . | . . . Retrieved Matter . | . . . Parts Self-Destructed . | . . . Prevented . | . . . Kills | -11 -10 -9 ------- Run | Yrd Mat Mat Combat Hostiles Destroyed 9 | . 7 2 Guns 8 | . 7 1 Cannons 1 | . . 1 Classes Destroyed 3 | . 3 . Watcher 2 | . 2 . Swarmer 4 | . 4 . Grunt 5 | . 3 2 Best Kill Streak 6 | . 6 1 Combat Bots Only 4 | . 4 1 Max Kills in Single Turn 1 | . 1 1 Gunslinging . | . . . Exploded . | . . . Melee . | . . . Uniques/NPCs Destroyed . | . . . Combat | -11 -10 -9 -------- Run | Yrd Mat Mat Hostile Shots Fired 109 | . 33 76 Missed 24 | . 7 17 Damage Taken 1285 | . 317 968 Core 495 | . 94 401 Absorbed by Shields . | . . . Core Remaining (%) 81 | 100 62 . Volleys Fired 42 | . 22 20 Largest 2 | . 2 2 Hottest 55 | . 40 55 Shots Fired 78 | . 44 34 Gun 65 | . 44 21 Cannon 13 | . . 13 Launcher . | . . . Special . | . . . Kinetic 78 | . 44 34 Thermal . | . . . Explosive . | . . . Electromagnetic . | . . . Robot Hit Streak 9 | . 6 9 Robot Miss Streak 13 | . 3 13 Penetration Max . | . . . Secondary Targets 2 | . 2 . Max Gunslinging Chain 1 | . 1 . Shots Hit Robots 45 | . 27 18 Core Hits 18 | . 14 4 Critical Kills . | . . . Critical Parts Destroyed . | . . . Critical Strikes 1 | . . 1 Blast 1 | . . 1 Melee Attacks . | . . . Impact . | . . . Slashing . | . . . Piercing . | . . . Sneak Attacks . | . . . Combat Hostiles . | . . . Follow-up Attacks . | . . . Damage Inflicted 609 | . 334 275 Guns 502 | . 334 168 Cannons 107 | . . 107 Explosions . | . . . Melee . | . . . Ramming . | . . . Kinetic 609 | . 334 275 Thermal . | . . . Explosive . | . . . Electromagnetic . | . . . Impact . | . . . Slashing . | . . . Piercing . | . . . Highest Corruption . | . . . Average Corruption . | . . . Corruption Purged . | . . . Corruption Blocked . | . . . Overload Shots . | . . . Overflow Damage . | . . . Projectiles . | . . . Explosions . | . . . Melee . | . . . Knockbacks 1 | . . 1 Impact . | . . . Kinetic 1 | . . 1 Secondary . | . . . Self-Inflicted Damage . | . . . Shots . | . . . Rammed . | . . . Targets Rammed . | . . . Kicked . | . . . Crushed . | . . . Highest Temperature 17 | . 17 7 Average Temperature 4 | . 5 3 Received Heat Transfer 405 | . 141 264 Siege Activations . | . . . Robots Corrupted . | . . . Combat Hostiles . | . . . Parts Fried . | . . . Impact Corruptions . | . . . Robots Melted . | . . . Combat Hostiles . | . . . Parts Melted . | . . . Heat Transferred . | . . . Parts Sabotaged . | . . . Parts Stolen . | . . . Parts Stripped . | . . . Power Chain Reactions . | . . . Alert | -11 -10 -9 ------- Run | Yrd Mat Mat Peak Influence 296 | . 296 135 Initial 124 | . . 124 Average 91 | . 103 108 Maximum Alert Level 1 | . 1 . Low Security (%) 90 | 100 85 100 Level 1 9 | . 14 . Level 2 . | . . . Level 3 . | . . . Level 4 . | . . . Level 5 . | . . . High Security . | . . . Max Security . | . . . Squads Dispatched 1 | . 1 . Investigation . | . . . Extermination . | . . . Reinforcement 1 | . 1 . Assault . | . . . Garrison . | . . . Intercept . | . . . Searches Triggered . | . . . Construction Impeded . | . . . Haulers Reinforced . | . . . Active Scanning Responses . | . . . Cargo Convoy Interrupts . | . . . Stealth | -11 -10 -9 --------- Run | Yrd Mat Mat Distress Signals . | . . . Communications Jammed . | . . . Distress Signals . | . . . Times Spotted 19 | . 14 5 Peak Tracking Total 6 | . 6 5 Tactical Retreats 2 | . 2 . Traps | -11 -10 -9 ------- Run | Yrd Mat Mat Traps Triggered . | . . . Indirectly . | . . . Trap Hack Attempts . | . . . Triggered . | . . . Disarmed . | . . . Reprogrammed . | . . . Reused . | . . . Traps Extracted . | . . . Installed . | . . . Triggered . | . . . Machines | -11 -10 -9 ---------- Run | Yrd Mat Mat Machines Disabled . | . . . Max in Single Turn . | . . . Machines Repaired . | . . . Machines Dismantled . | . . . Machines Sabotaged . | . . . Overloaded Fab Kills . | . . . Hacking | -11 -10 -9 --------- Run | Yrd Mat Mat Machines Accessed 4 | . 3 1 Terminals 3 | . 2 1 Fabricators . | . . . Repair Stations . | . . . Recycling Units 1 | . 1 . Scanalyzers . | . . . Garrison Access . | . . . Total Hacks 9 | . 7 2 Successful 8 | . 6 2 Failed 1 | . 1 . Catastrophic . | . . . Database Lockouts . | . . . Manual . | . . . Terminals 6 | . 4 2 Fabricators . | . . . Repair Stations . | . . . Recycling Units 3 | . 3 . Scanalyzers . | . . . Garrison Access . | . . . Terminal Hacks 5 | . 3 2 Record 2 | . 1 1 Hauler Manifests 2 | . 1 1 Zone Layout 1 | . 1 . Fabricator Hacks . | . . . Repair Station Hacks . | . . . Recycling Unit Hacks 3 | . 3 . Process 1 | . 1 . Report Inventory 1 | . 1 . Retrieve Matter 1 | . 1 . Scanalyzer . | . . . Garrison Access Hacks . | . . . Unauthorized Hacks . | . . . Terminals . | . . . Fabricators . | . . . Repair Stations . | . . . Recycling Units . | . . . Scanalyzers . | . . . Garrison Access . | . . . Data Cores Recovered . | . . . Used . | . . . Hacking Detections 3 | . 2 1 Full Trace Events . | . . . Feedback Events . | . . . Feedback Blocked . | . . . Robot Schematics Acquired . | . . . Robots Built . | . . . Authchips . | . . . Time . | . . . Total Robot Build Rating . | . . . Part Schematics Acquired . | . . . Parts Built . | . . . Authchips . | . . . Time . | . . . Total Part Build Rating . | . . . Parts Repaired . | . . . Time . | . . . Parts Recycled . | . . . Recycled Matter 265 | . 265 . Retrieved Matter 265 | . 265 . Retrieved Components . | . . . Parts Scanalyzed . | . . . Part Schematics Acquired . | . . . Parts Damaged . | . . . Bothacking | -11 -10 -9 ------------ Run | Yrd Mat Mat Used RIF Installer . | . . . Robots Hacked . | . . . Non-combat . | . . . Combat . | . . . Robot Hacks Applied . | . . . Relay Couplers Released . | . . . Fabnet Peak Effective % . | . . . Robots Rewired . | . . . Allies Hacked . | . . . Hacks Repelled . | . . . Allies | -11 -10 -9 -------- Run | Yrd Mat Mat Total Allies . | . . . Largest Group . | . . . Highest-Rated Group . | . . . Highest-Rated Ally . | . . . Total Orders . | . . . Ally Attacks . | . . . Total Damage . | . . . Kills . | . . . Allies Corrupted . | . . . Allies Melted . | . . . Intel | -11 -10 -9 ------- Run | Yrd Mat Mat Robot Analysis Total . | . . . Derelict Logs Recovered . | . . . Drone Launches . | . . . Drone Recoveries . | . . . Exploration | -11 -10 -9 ------------- Run | Yrd Mat Mat Turns Passed 338 | 43 222 73 Spaces Moved 328 | 35 263 30 Core 14 | 11 . 3 Treads . | . . . Legs . | . . . Wheels 48 | 24 24 . Hover . | . . . Flight 266 | . 239 27 Fastest Speed 29 | 50 32 29 Average Speed 46 | 84 42 32 Slowest Speed 112 | 100 112 50 Overloaded Moves . | . . . Propulsion Burnouts . | . . . Robots Hopped 2 | . 1 1 Cave-ins Triggered . | . . . Exploration Rate (%) 20 | 5 53 3 Regions Visited 2 Branch Regions . Pre-discovered Areas . | . . . Known Exits Taken 1 | . 1 . Unknown Exits Taken 1 | 1 . . Scrap Searched . | . . . Spaces Dug . | . . . Terrain Destroyed . | . . . Melee . | . . . Projectile . | . . . AOE . | . . . Terrain Rammed . | . . . Walls Destroyed . | . . . Machines Disabled . | . . . Actions | -11 -10 -9 --------- Run | Yrd Mat Mat Total 436 | 48 330 58 Wait 7 | . 7 . Move 322 | 34 260 28 Hop 2 | . 1 1 Pick Up 27 | 8 17 2 Fast Attach . | . . . Attach 17 | 6 4 7 Detach . | . . . Swap 6 | . 6 . Drop 13 | . 13 . Fire 42 | . 22 20 Melee . | . . . Ram . | . . . Kick . | . . . Crush . | . . . Escape Stasis . | . . . Rewire . | . . . Trap . | . . . Miscellaneous . | . . . Route ------- -11/Scrapyard -10/Materials (discovered 2 exits: *Mat / *Min) -9/Materials History --------- Turn | Location | Event 5 | -11/Scrapyard | Discovered new exit (range 16) 44 | -11/Scrapyard | Entered Materials 212 | -10/Materials | Discovered new exit (range 8) 214 | -10/Materials | Identified exit to Mines 256 | -10/Materials | Discovered new exit (range 8) 257 | -10/Materials | Identified exit to Materials 266 | -10/Materials | Entered another Materials area 266 | -9/Materials | Evolved 2 slots: Propulsion x1, Utility x1 324 | -9/Materials | Core integrity fell below 50% 334 | -9/Materials | Core integrity fell below 20% 339 | -9/Materials | Destroyed by G-34 Mercenary with Small Laser Last Messages --------------- (1 escort) K-01 Serf collects debris. Lgt. Ion Engine destroyed. G-34 Mercenary destroyed. Assault Rifle destroyed. G-34 Mercenary knocked back. VTOL Module destroyed. G-34 Mercenary Aluminum Leg blasted off. Lgt. Cannon destroyed. VTOL Module destroyed. U-05 Engineer builds a Door. Assault Rifle severed. Assault Rifle destroyed. G-34 Mercenary destroyed. Assault Rifle severed. Acquired Assault Rifle. Signal Interpreter severed. Acquired Assault Rifle. Assault Rifle destroyed. Acquired 3 matter. Map ----- +----------------------------------------------------+ | | | | | | | | | | | | | | | ????????????????????????????????? | | ????????????????????????????????? | | ????????????????????????????????? | | ????????????????????????????????? | | ????????????????????????????????? | | ????????????????????????????????? | | ????????????????????????????????? | | ????????????????????????????????? | | ????????????????????????????????? | | ????????????????????????????????? | | ????????????????????????#####???? | | ????????????????????????# #???? | | ??????????????###########l #???? | | ??????????????# # #???? | | ??????????????# """ # =#???? | | ??????????????# """ "T" # gg#???? | | ??????????????# """ +=%%#???? | | ??????????????# """ # =%#???? | | ??????????????# """ #@###???? | | ??????????????# """ # #?????? | | ??????????????# # #?????? | | ??????????????########### #?????? | | ????????????????????????# #?????? | | ????????????????????????# +?????? | | ????????????????????????# #?????? | | ????????????????????????# #?????? | | ????????????????????????#u#?????? | | ???????????????????????? ?????? | | ???????????????????????? ?????? | | ???????????????????????? ?????? | | ???????????????????????? ?????? | | ???????????????????????? ?????? | | ???????????????????????? ?????? | | ???????????????????????? ?????? | | ???????????????????????? ?????? | | ???????????????????????? ?????? | | ????????????????????????????????? | | ????????????????????????????????? | | ????????????????????????????????? | | ????????????????????????????????? | | ????????????????????????????????? | | ????????????????????????????????? | | ????????????????????????????????? | +----------------------------------------------------+ Best States ------------- Heat Dissipation 28 Energy Generation 10 Energy Capacity 125 Matter Stores 300 Matter Capacity 300 Sight Range 16 Terrain Scan Density 10 Evasion (%) 64 Item Schematics ----------------- None Robot Schematics ------------------ None Fabricated ------------ Nothing Alien Tech Used ----------------- None Achievements -------------- Shopping List Challenges ------------ None Game ------ Seed SkeletonSigixRailgun Manual? 0 Play Time 00:11:39 Cumulative 4.4 hours Start 2025.03.31 @ 14:36:09 End 2025.03.31 @ 14:47:12 Sessions 1 Manual Loads 0 Difficulty Rogue Special Mode None Game No. 7 Rogue 7 Adventurer 0 Explorer 0 Win Type - Total 0 Types 0/0/0/0/0/0/0/0/0 Lore% 2 Gallery% 9 Achievement% 8 Wizard Run 0 Options --------- Layout 1 ASCII 0 Keyboard 0 Movement Numpad Keybinds 0 Fullscreen 1 Font 24/Smallcaps Map View 50x35 Zoom Use 0% Tactical HUD 0 Map Filters NONE Filters NONE Steam 1 RUN: 72d37234-e9f0-4937-9121-08cf445d2a32